TOP OF THE 1ST |
California State University at Fullerton Titans batting - Pitching for University of Georgia Bulldogs : RHP Rip Log
|
Pitching: RHP Rip Log
|
|
Batting: LHB Newt Peper
|
0-0: Ball 1-0: Ball 2-0: Ball 3-0: Base on Balls
|
Batting: LHB Zachery Ballard
|
0-0: Foul Ball, location: 2F 0-1: Fly out, F8 (Flyball, 8RM, EV 95.0 MPH)
|
Batting: RHB Wan-ling Zhu
|
0-0: Ball 1-0: Fielders Choice at 2nd, 3-6 (Groundball, 3S, EV 78.8 MPH)
|
Batting: RHB Azeem bin Zuhair
|
0-0: Ball 1-0: SINGLE (Line Drive, 4MD, EV 96.9 MPH) Wan-ling Zhu to second
|
Batting: LHB Wing-tat Tai
|
0-0: Ball 1-0: Ball 2-0: Ball 3-0: Called Strike 3-1: Called Strike 3-2: Base on Balls Wan-ling Zhu to third Azeem bin Zuhair to second
|
Batting: LHB Xue-liang Zhou
|
0-0: Ball 1-0: Ball 2-0: Foul Ball, location: 2F 2-1: Swinging Strike 2-2: Foul Ball, location: 2F 2-2: Foul Ball, location: 2F 2-2: Strikes out looking
|
Top of the 1st over - 0 runs, 1 hit, 0 errors, 3 left on base; California State University at Fullerton 0 - University of Georgia 0 |
BOTTOM OF THE 1ST |
University of Georgia Bulldogs batting - Pitching for California State University at Fullerton Titans : RHP Jason Stout
|
Pitching: RHP Jason Stout
|
|
Batting: RHB Patrick Pinault
|
0-0: Foul Ball, location: 2F 0-1: SINGLE (Groundball, 6MS, EV 70.6 MPH) (infield hit)
|
Batting: RHB Ivan Barrientos
|
0-0: Called Strike 0-1: Ball 1-1: Ball Patrick Pinault is caught stealing 2nd base 2-4 2-1: Ball 3-1: Foul Ball, location: 2F 3-2: Ground out 5-3 (Groundball, 5L, EV 92.5 MPH)
|
Batting: LHB Justin Daley
|
0-0: DOUBLE (Line Drive, 78D, EV 103.1 MPH)
|
Batting: RHB Pedro Gonzalez
|
0-0: DOUBLE (Line Drive, 89XD, EV 103.1 MPH) Justin Daley scores
|
Batting: LHB Antonio Razo
|
0-0: DOUBLE (Line Drive, 9LM, EV 95.0 MPH) Pedro Gonzalez scores
|
Batting: RHB Armando Ramirez
|
0-0: Called Strike 0-1: Ground out 5-3 (Groundball, 56, EV 100.0 MPH)
|
Bottom of the 1st over - 2 runs, 4 hits, 0 errors, 1 left on base; California State University at Fullerton 0 - University of Georgia 2 |
TOP OF THE 2ND |
California State University at Fullerton Titans batting - Pitching for University of Georgia Bulldogs : RHP Rip Log
|
Batting: LHB Walt van der Rest
|
0-0: DOUBLE (Line Drive, 89XD, EV 106.9 MPH)
|
Batting: RHB Chase Reiner
|
0-0: Called Strike 0-1: Ball 1-1: Ball 2-1: Foul Ball, location: 2F 2-2: Ball 3-2: Strikes out swinging
|
Batting: RHB Oscar Ferrer
|
0-0: Called Strike 0-1: Foul Ball, location: 2F 0-2: Ball 1-2: SINGLE (Groundball, 56D, EV 103.8 MPH) Walt van der Rest to third Runner from 3rd tries for Home, SAFE, throw by LF to home
|
Batting: LHB Newt Peper
|
0-0: Ball 1-0: Ball 2-0: SINGLE (Line Drive, 89S, EV 94.4 MPH) Oscar Ferrer to second
|
Batting: LHB Zachery Ballard
|
0-0: Ball 1-0: Called Strike 1-1: Swinging Strike 1-2: Foul Ball, location: 2F 1-2: Fly out, F9 (Line Drive, 9, EV 88.1 MPH) Runner from 2nd tags up, SAFE at 3rd with throw by RF
|
Batting: RHB Wan-ling Zhu
|
0-0: Called Strike 0-1: Ball 1-1: SINGLE (Line Drive, 89M, EV 97.5 MPH) Oscar Ferrer scores Newt Peper to second Runner from 2nd tries for 3rd, SAFE, throw by CF made to third Wan-ling Zhu to second
|
Batting: RHB Azeem bin Zuhair
|
0-0: Fly out, F9 (Flyball, 89M, EV 76.2 MPH)
|
Top of the 2nd over - 2 runs, 4 hits, 0 errors, 2 left on base; California State University at Fullerton 2 - University of Georgia 2 |
BOTTOM OF THE 2ND |
University of Georgia Bulldogs batting - Pitching for California State University at Fullerton Titans : RHP Jason Stout
|
Batting: LHB Dave Schaubert
|
0-0: Foul Ball, location: 2F 0-1: Foul Ball, location: 2F 0-2: Ball 1-2: Ball 2-2: Ball 3-2: Ground out 1-3 (Groundball, 13S, EV 66.2 MPH)
|
Batting: LHB Jesus Huante
|
0-0: Ball 1-0: Ball 2-0: SINGLE (Groundball, 6D, EV 98.8 MPH)
|
Batting: RHB Mike Lassiter
|
0-0: Ball 1-0: Swinging Strike 1-1: Called Strike 1-2: Strikes out swinging
|
Batting: RHB Patrick Pinault
|
0-0: Swinging Strike 0-1: SINGLE (Line Drive, 78S, EV 98.1 MPH) Jesus Huante to second
|
Batting: RHB Ivan Barrientos
|
0-0: Ball 1-0: Called Strike 1-1: Swinging Strike 1-2: SINGLE (Groundball, 6M, EV 101.9 MPH) (infield hit) Jesus Huante to third Patrick Pinault to second
|
Batting: LHB Justin Daley
|
0-0: Ball 1-0: DOUBLE (Line Drive, 9LM, EV 109.4 MPH) Jesus Huante scores Patrick Pinault scores Ivan Barrientos to third
|
Batting: RHB Pedro Gonzalez
|
0-0: Foul Ball, location: 2F 0-1: Fly out, F8 (Flyball, 8LD, EV 94.4 MPH)
|
Bottom of the 2nd over - 2 runs, 4 hits, 0 errors, 2 left on base; California State University at Fullerton 2 - University of Georgia 4 |
TOP OF THE 3RD |
California State University at Fullerton Titans batting - Pitching for University of Georgia Bulldogs : RHP Rip Log
|
Batting: LHB Wing-tat Tai
|
0-0: SINGLE (Groundball, 6D, EV 96.9 MPH)
|
Batting: LHB Xue-liang Zhou
|
0-0: Foul Ball, location: 2F 0-1: Ball 1-1: Ball 2-1: Foul Ball, location: 2F 2-2: Strikes out swinging
|
Batting: LHB Walt van der Rest
|
0-0: Called Strike 0-1: Ball 1-1: SINGLE (Groundball, 6MD, EV 103.8 MPH) (infield hit) Wing-tat Tai to second
|
Batting: RHB Chase Reiner
|
0-0: Fielders Choice at 2nd, 3-6 (Groundball, 3, EV 81.9 MPH) Wing-tat Tai to third
|
Batting: RHB Oscar Ferrer
|
0-0: Called Strike 0-1: Swinging Strike 0-2: Strikes out swinging
|
Top of the 3rd over - 0 runs, 2 hits, 0 errors, 2 left on base; California State University at Fullerton 2 - University of Georgia 4 |
BOTTOM OF THE 3RD |
University of Georgia Bulldogs batting - Pitching for California State University at Fullerton Titans : RHP Jason Stout
|
Batting: LHB Antonio Razo
|
0-0: Foul Ball, location: 2F 0-1: Foul Ball, location: 2F 0-2: Ball 1-2: Foul Ball, location: 2F 1-2: Foul Ball, location: 2F 1-2: Ball 2-2: Foul Ball, location: 2F 2-2: Ball 3-2: Foul Ball, location: 2F 3-2: Base on Balls
|
Batting: RHB Armando Ramirez
|
0-0: Ball 1-0: Called Strike 1-1: Foul Ball, location: 2F 1-2: Ball 2-2: Ball 3-2: DOUBLE (Line Drive, 78XD, EV 108.8 MPH) Antonio Razo to third
|
Batting: LHB Dave Schaubert
|
0-0: Called Strike 0-1: Ball 1-1: Swinging Strike 1-2: Fly out, F8 (Flyball, 89D, EV 94.4 MPH) Runner from 3rd tags up, SCORES, throw by CF Armando Ramirez to third
|
Pitching: RHP Josh Long
|
|
Batting: LHB Jesus Huante
|
0-0: Called Strike 0-1: Foul Ball, location: 2F 0-2: Strikes out looking
|
Batting: RHB Mike Lassiter
|
0-0: Ball 1-0: Ball 2-0: Called Strike 2-1: Ground out 3-1 (Groundball, 34, EV 91.2 MPH)
|
Bottom of the 3rd over - 1 run, 1 hit, 0 errors, 1 left on base; California State University at Fullerton 2 - University of Georgia 5 |
TOP OF THE 4TH |
California State University at Fullerton Titans batting - Pitching for University of Georgia Bulldogs : RHP Rip Log
|
Batting: LHB Newt Peper
|
0-0: Called Strike 0-1: Foul Ball, location: 2F 0-2: Ball 1-2: Ball 2-2: Foul Ball, location: 2F 2-2: Fly out, F8 (Line Drive, 8LD, EV 102.5 MPH)
|
Batting: LHB Zachery Ballard
|
0-0: Ball 1-0: Ball 2-0: Called Strike 2-1: Foul Ball, location: 2F 2-2: Foul Ball, location: 2F 2-2: Strikes out swinging
|
Batting: RHB Wan-ling Zhu
|
0-0: Ball 1-0: Ball 2-0: Foul Ball, location: 2F 2-1: Ball 3-1: Base on Balls
|
Pitching: RHP Angel Bermudez
|
|
Batting: RHB Azeem bin Zuhair
|
0-0: Called Strike 0-1: Foul Ball, location: 2F 0-2: Fly out, F9 (Flyball, 9S, EV 75.0 MPH)
|
Top of the 4th over - 0 runs, 0 hits, 0 errors, 1 left on base; California State University at Fullerton 2 - University of Georgia 5 |
BOTTOM OF THE 4TH |
University of Georgia Bulldogs batting - Pitching for California State University at Fullerton Titans : RHP Josh Long
|
Batting: RHB Patrick Pinault
|
0-0: Ball 1-0: Ball 2-0: Foul Ball, location: 2F 2-1: Ball 3-1: Foul Ball, location: 2F 3-2: Base on Balls
|
Batting: RHB Ivan Barrientos
|
0-0: Ball 1-0: Foul Ball, location: 2F 1-1: Ball 2-1: Called Strike Patrick Pinault steals 2nd base 2-2: Foul Ball, location: 2F 2-2: Foul Ball, location: 2F 2-2: Fly out, F9 (Flyball, 9LS, EV 82.5 MPH)
|
Batting: LHB Justin Daley
|
0-0: Called Strike 0-1: Ball 1-1: Called Strike 1-2: Fly out, F8 (Line Drive, 8LM, EV 91.9 MPH)
|
Batting: RHB Pedro Gonzalez
|
0-0: Ball 1-0: Ball 2-0: Ball 3-0: Base on Balls
|
Batting: LHB Antonio Razo
|
0-0: SINGLE (Groundball, 6MD, EV 95.0 MPH) Patrick Pinault to third Pedro Gonzalez to second Runner from 3rd tries for Home, SAFE, throw by CF to home
|
Batting: RHB Armando Ramirez
|
0-0: Ball 1-0: Called Strike 1-1: Called Strike 1-2: Ball 2-2: Ball 3-2: Base on Balls Pedro Gonzalez to third Antonio Razo to second
|
Batting: LHB Dave Schaubert
|
0-0: Foul Ball, location: 2F 0-1: Swinging Strike 0-2: Ball 1-2: Strikes out swinging
|
Bottom of the 4th over - 1 run, 1 hit, 0 errors, 3 left on base; California State University at Fullerton 2 - University of Georgia 6 |
TOP OF THE 5TH |
California State University at Fullerton Titans batting - Pitching for University of Georgia Bulldogs : RHP Angel Bermudez
|
Batting: LHB Wing-tat Tai
|
0-0: Ground out U3 (Groundball, 3, EV 101.2 MPH)
|
Batting: LHB Xue-liang Zhou
|
0-0: Called Strike 0-1: Ball 1-1: Swinging Strike 1-2: Ball 2-2: SINGLE (Line Drive, 78S, EV 95.6 MPH)
|
Batting: LHB Walt van der Rest
|
0-0: Called Strike 0-1: Foul Ball, location: 2F 0-2: Fly out, F7 (Flyball, 7LM, EV 89.4 MPH)
|
Batting: RHB Chase Reiner
|
0-0: Fly out, F7 (Line Drive, 7D, EV 91.2 MPH)
|
Top of the 5th over - 0 runs, 1 hit, 0 errors, 1 left on base; California State University at Fullerton 2 - University of Georgia 6 |
BOTTOM OF THE 5TH |
University of Georgia Bulldogs batting - Pitching for California State University at Fullerton Titans : RHP Josh Long
|
Batting: LHB Jesus Huante
|
0-0: Called Strike 0-1: Ball 1-1: Ball 2-1: Ball 3-1: SINGLE (Groundball, 4MD, EV 98.8 MPH)
|
Pitching: RHP Jayden Wellby
|
|
Batting: RHB Mike Lassiter
|
0-0: Called Strike 0-1: Ball 1-1: Ball 2-1: Ball 3-1: Base on Balls Jesus Huante to second
|
Batting: RHB Patrick Pinault
|
0-0: Called Strike 0-1: SINGLE (Groundball, 6D, EV 98.1 MPH) Jesus Huante to third Mike Lassiter to second Runner from 3rd tries for Home, SAFE, throw by CF to home
|
Pinch Hitting: RHB Jesus Alaniz
|
0-0: Called Strike 0-1: Foul Ball, location: 2F 0-2: Ball 1-2: Ball 2-2: Strikes out swinging
|
Pinch Hitting: RHB Jeff Floyd
|
0-0: Ball 1-0: Ball 2-0: Foul Ball, location: 2F 2-1: Fielders Choice at 2nd, 5-4 (Groundball, 5, EV 85.0 MPH) Mike Lassiter to third
|
Batting: RHB Pedro Gonzalez
|
0-0: Ball 1-0: Fly out, F8 (Flyball, 8RXD, EV 106.2 MPH)
|
Bottom of the 5th over - 1 run, 2 hits, 0 errors, 2 left on base; California State University at Fullerton 2 - University of Georgia 7 |
TOP OF THE 6TH |
California State University at Fullerton Titans batting - Pitching for University of Georgia Bulldogs : RHP Angel Bermudez
|
Now at 1B: Jesus Huante
|
|
Now in CF: Zack Flater
|
|
Now in RF: Jason Parrish
|
|
Batting: RHB Oscar Ferrer
|
0-0: Ball 1-0: Ball 2-0: Called Strike 2-1: Ball 3-1: Base on Balls
|
Pinch Hitting: RHB Alastair Guiney
|
0-0: Called Strike 0-1: Foul Ball, location: 2F 0-2: Ball 1-2: Hit by Pitch Oscar Ferrer to second
|
Batting: RHB Amir Christy
|
0-0: Ball 1-0: Fly out, F8 (Flyball, 8LXD, EV 100.6 MPH) Runner from 2nd tags up, SAFE at 3rd, no throw by CF
|
Pinch Hitting: SHB Dave Ramirez
|
0-0: Ball 1-0: Ball 2-0: Ball 3-0: Base on Balls Alastair Guiney to second
|
Pinch Hitting: LHB Joshua Dingle
|
0-0: Ball 1-0: SINGLE (Groundball, 5S, EV 72.5 MPH) (infield hit) Oscar Ferrer scores Alastair Guiney to third Dave Ramirez to second
|
Pinch Hitting: RHB Raul Gomez
|
0-0: Ball 1-0: Called Strike 1-1: Foul Ball, location: 2F 1-2: Ball 2-2: Foul Ball, location: 2F 2-2: Foul Ball, location: 2F 2-2: Fielders Choice at 2nd, 3-6 (Groundball, 34, EV 85.6 MPH) Alastair Guiney scores Dave Ramirez to third
|
Pinch Hitting: RHB Manny Olave
|
0-0: Ball 1-0: Ball 2-0: SINGLE (Line Drive, 4MD, EV 94.4 MPH) Dave Ramirez scores Raul Gomez to second
|
Pitching: RHP Nick Ehrlich
|
|
Pinch Hitting: SHB Mulatu Adebayo
|
0-0: Foul Ball, location: 2F 0-1: Ball 1-1: Ball 2-1: Fielders Choice at 2nd, 6-4 (Groundball, 6D, EV 106.2 MPH)
|
Top of the 6th over - 3 runs, 2 hits, 0 errors, 2 left on base; California State University at Fullerton 5 - University of Georgia 7 |
BOTTOM OF THE 6TH |
University of Georgia Bulldogs batting - Pitching for California State University at Fullerton Titans : RHP Jayden Wellby
|
Now at 1B: Matthew Blevins
|
|
Now at 3B: Alastair Guiney
|
|
Now at SS: Dave Ramirez
|
|
Now in LF: Joshua Dingle
|
|
Now in CF: Mulatu Adebayo
|
|
Now in RF: Manny Olave
|
|
Batting: LHB Antonio Razo
|
0-0: Ball 1-0: Ball 2-0: Foul Ball, location: 2F 2-1: Fly out, F7 (Line Drive, 7, EV 98.1 MPH)
|
Batting: RHB Armando Ramirez
|
0-0: Ball 1-0: Ball 2-0: Ground out 5-3 (Groundball, 5, EV 88.1 MPH)
|
Batting: SHB Hector Quiroz
|
0-0: Ball 1-0: Ball 2-0: Called Strike 2-1: Called Strike 2-2: Fly out, F7 (Flyball, 78S, EV 85.6 MPH)
|
Bottom of the 6th over - 0 runs, 0 hits, 0 errors, 0 left on base; California State University at Fullerton 5 - University of Georgia 7 |
TOP OF THE 7TH |
California State University at Fullerton Titans batting - Pitching for University of Georgia Bulldogs : RHP Nick Ehrlich
|
Batting: RHB Chase Reiner
|
0-0: Called Strike 0-1: Ball 1-1: Ball 2-1: Foul Ball, location: 2F 2-2: Ground out 6-3 (Groundball, 6, EV 108.1 MPH)
|
Pinch Hitting: RHB Guillermo Arredondo
|
0-0: Ball 1-0: Called Strike 1-1: Ball 2-1: Ball 3-1: Called Strike 3-2: Strikes out swinging
|
Batting: RHB Alastair Guiney
|
0-0: Ball 1-0: Foul Ball, location: 2F 1-1: Ball 2-1: Ground out 5-3 (Groundball, 56, EV 76.2 MPH)
|
Top of the 7th over - 0 runs, 0 hits, 0 errors, 0 left on base; California State University at Fullerton 5 - University of Georgia 7 |
BOTTOM OF THE 7TH |
University of Georgia Bulldogs batting - Pitching for California State University at Fullerton Titans : RHP Jayden Wellby
|
Now at 2B: Guillermo Arredondo
|
|
Batting: LHB Jesus Huante
|
0-0: Called Strike 0-1: Called Strike 0-2: Strikes out swinging
|
Batting: RHB Mike Lassiter
|
0-0: Fly out, F2 (Popup, 25F, EV 93.1 MPH)
|
Pinch Hitting: RHB Tsugio Yamaguchi
|
0-0: Fly out, F9 (Line Drive, 9, EV 93.8 MPH)
|
Bottom of the 7th over - 0 runs, 0 hits, 0 errors, 0 left on base; California State University at Fullerton 5 - University of Georgia 7 |
TOP OF THE 8TH |
California State University at Fullerton Titans batting - Pitching for University of Georgia Bulldogs : RHP Nick Ehrlich
|
Now at 2B: Luis Chavez
|
|
Batting: RHB Amir Christy
|
0-0: Ball 1-0: Ground out 6-3 (Groundball, 6, EV 90.0 MPH)
|
Batting: SHB Dave Ramirez
|
0-0: SINGLE (Line Drive, 4D, EV 99.4 MPH)
|
Pinch Hitting: RHB Luke Peet
|
0-0: Called Strike 0-1: Swinging Strike 0-2: Ball 1-2: Strikes out swinging
|
Pinch Hitting: LHB George Last
|
0-0: Ball 1-0: Called Strike 1-1: Ball 2-1: Swinging Strike 2-2: Foul Ball, location: 2F 2-2: Ball 3-2: Strikes out swinging
|
Top of the 8th over - 0 runs, 1 hit, 0 errors, 1 left on base; California State University at Fullerton 5 - University of Georgia 7 |
BOTTOM OF THE 8TH |
University of Georgia Bulldogs batting - Pitching for California State University at Fullerton Titans : RHP Jayden Wellby
|
Pitching: RHP Adam Hendrix
|
|
Now at 1B: Alex Salazar
|
|
Now in LF: Brad Mobley
|
|
Batting: SHB Zack Flater
|
0-0: Called Strike 0-1: Ball 1-1: Ball 2-1: Ball 3-1: Foul Ball, location: 2F 3-2: Strikes out looking
|
Batting: RHB Jason Parrish
|
0-0: Called Strike 0-1: Ball 1-1: Ball 2-1: Ball 3-1: Foul Ball, location: 2F 3-2: Ground out 5-3 (Groundball, 56, EV 86.2 MPH)
|
Batting: RHB Pedro Gonzalez
|
0-0: Foul Ball, location: 2F 0-1: Ball 1-1: Foul Ball, location: 2F 1-2: Strikes out looking
|
Bottom of the 8th over - 0 runs, 0 hits, 0 errors, 0 left on base; California State University at Fullerton 5 - University of Georgia 7 |
TOP OF THE 9TH |
California State University at Fullerton Titans batting - Pitching for University of Georgia Bulldogs : RHP Nick Ehrlich
|
Pitching: RHP Aaron Corcoran
|
|
Batting: RHB Manny Olave
|
0-0: SOLO HOME RUN (Flyball, 7LD, EV 96.9 MPH), Distance : 366 ft
|
Pinch Hitting: LHB Alex Larangho
|
0-0: Ball 1-0: Ball 2-0: Called Strike 2-1: Ground out 4-3 (Groundball, 34, EV 98.8 MPH)
|
Pinch Hitting: LHB Clyde Irving
|
0-0: Ball 1-0: Swinging Strike 1-1: Called Strike 1-2: Strikes out swinging
|
Pitching: RHP Joe Underhill
|
|
Batting: RHB Guillermo Arredondo
|
0-0: Ball 1-0: Ball 2-0: Called Strike 2-1: Called Strike 2-2: Ball 3-2: Strikes out swinging
|
Top of the 9th over - 1 run, 1 hit, 0 errors, 0 left on base; California State University at Fullerton 6 - University of Georgia 7 |
|